Unix NetHack Version 3.7.0-71 Work-in-progress - last build Jan 31 2023 02:41:03 (7ba98a1283f2b7cec35fde026edb48fc825ab8ae,branch:master). Game began 2023-02-03 00:19:47, ended 2023-02-03 00:34:24. Kontroller, lawful male human Knight ---------------- |..............| |.............<| #-..............| -.-------------- ## ## ####### # @ a# . . Kontroller the Esquire St:15 Dx:8 Co:10 In:8 Wi:16 Ch:18 Lawful S:955 Dlvl:8 $:129 HP:0(31) Pw:31(31) AC:3 Xp:4/119 T:1952 Burdened Latest messages: J - 7 darts. You miss the soldier ant. The soldier ant misses! The soldier ant stings! You miss the soldier ant. The soldier ant misses! The soldier ant stings! You miss the soldier ant. The soldier ant bites! The soldier ant just misses! You miss the soldier ant. The soldier ant misses! The soldier ant stings! Are you sure you want to pray? [yn] (n) y You begin praying to Lugh. You are surrounded by a shimmering light. The soldier ant starts to attack you, but pulls back. The soldier ant misses the saddled pony. The soldier ant stings the saddled pony. The soldier ant's sting was poisoned! The saddled pony is killed! Your movements are slowed slightly because of your load. You see here a saddle. The soldier ant starts to attack you, but pulls back. The soldier ant starts to attack you, but pulls back. You finish your prayer. You feel that Lugh is well-pleased. You feel much better. You begin bashing monsters with your lance. You miss the soldier ant. The soldier ant bites! The soldier ant misses! The soldier ant misses! The soldier ant stings! a - a +1 long sword (weapon in hand). b - a +1 lance (alternate weapon; not wielded). The soldier ant misses! The soldier ant stings! The soldier ant just misses! The soldier ant misses! You miss the soldier ant. The soldier ant misses! The soldier ant stings! The soldier ant bites! The soldier ant misses! You miss the soldier ant. The soldier ant bites! You die... Do you want your possessions identified? [ynq] (y) y Do you want to see your attributes? [ynq] (y) q Inventory: Coins $ - 129 gold pieces Weapons r - 6 +0 arrows J - 7 cursed rustproof -2 darts x - a +0 dagger A - a cursed -1 spear a - a +1 long sword (weapon in hand) s - a cursed +0 quarterstaff b - a +1 lance (alternate weapon; not wielded) Armor d - an uncursed +0 helmet (being worn) f - an uncursed +0 pair of leather gloves (being worn) e - an uncursed +0 small shield (being worn) c - an uncursed +1 ring mail (being worn) Comestibles g - 7 uncursed apples h - 12 uncursed carrots p - 4 uncursed food rations j - 2 uncursed tripe rations Scrolls G - an uncursed scroll of blank paper q - an uncursed scroll of enchant weapon Potions v - an uncursed potion of fruit juice D - an uncursed potion of object detection u - 3 uncursed potions of sleeping Tools t - a cursed magic marker (0:53) w - an uncursed tallow candle Gems/Stones I - an uncursed worthless piece of blue glass Kontroller the Knight's attributes: Background: You were an Esquire, a level 4 male human Knight. You were lawful, on a mission for Lugh who was opposed by Brigit (neutral) and Manannan Mac Lir (chaotic). You were in the Dungeons of Doom, on level 8. You entered the dungeon 1952 turns ago. It was the midnight hour. You had 119 experience points, 41 more were needed to attain level 5. Your score was 955 before end-of-game adjustments. Basics: You had 0 out of 31 hit points. You had all 31 energy points (spell power). Your armor class was 3. Your wallet contained 129 zorkmids. Autopickup was off. Final Characteristics: Your strength was 15 (limit:18/100). Your dexterity was 8 (limit:18). Your constitution was 10 (limit:18). Your intelligence was 8 (limit:18). Your wisdom was 16 (limit:18). Your charisma was 18 (limit:18). Final Status: You were not hungry. You were burdened; movement was slightly slowed. You were wielding a long sword. You had basic skill with long sword. Final Attributes: You were devoutly aligned. You could jump. You were warded. You are dead. Miscellaneous: You never encountered a bones level. Total elapsed playing time was 14 minutes and 37 seconds. Major events: Turn 1: Kontroller the lawful male human Knight entered the dungeon 899: entered the Gnomish Mines 975: attained the rank of Esquire (level 3) 1952: killed by a soldier ant Vanquished creatures: a rock piercer a pony an elf zombie an iguana a killer bee an acid blob a hobbit a manes a large kobold 2 hobgoblins a gnome 2 geckos 3 jackals a goblin a sewer rat 8 grid bugs 4 lichens 4 newts 35 creatures vanquished. No species were genocided or became extinct. Voluntary challenges: You were illiterate. You never engraved Elbereth. You never genocided any monsters. You never polymorphed an object. You never changed form. You used no wishes. Achievements: You entered a shop. You entered the Gnomish Mines. You attained the rank of Esquire. The Dungeons of Doom: levels 1 to 8 Level 1: Some fountains. Level 2: Level 3: A potion shop, a fountain, a grave. Level 4: A scroll shop, a fountain. Stairs down to The Gnomish Mines. Level 5: Level 6: Level 7: A sink. Level 8: <- You were here. Final resting place for you, killed by a soldier ant. The Gnomish Mines: Level 5: Game over: ---------- / \ / REST \ / IN \ / PEACE \ / \ | Kontroller | | 129 Au | | killed by a | | soldier ant | | | | | | 2023 | *| * * * | * _________)/\\_//(\/(/\)/\//\/|_)_______ Fare thee well Kontroller the Knight... You died in The Dungeons of Doom on dungeon level 8 with 943 points, and 129 pieces of gold, after 1952 moves. You were level 4 with a maximum of 31 hit points when you died.